 Dungeon Crawl Stone Soup version 0.21-a0-142-gdd972a7 (webtiles) character file.

239 qqqbard the Shield-Bearer (level 5, -1/47 HPs)
             Began as a Minotaur Fighter on July 21, 2017.
             Slain by a worm (8 damage)
             ... on level 3 of the Dungeon.
             The game lasted 00:01:45 (1049 turns).

qqqbard the Shield-Bearer (Minotaur Fighter)        Turns: 1049, Time: 00:01:46

Health: -1/47      AC:  7    Str: 21    XL:     5   Next: 79%
Magic:  4/4        EV:  8    Int:  5    God:
Gold:   54         SH: 10    Dex: 10    Spells: 4/4 levels left

rFire    . . .     SeeInvis .   a - +0 long sword
rCold    . . .     Gourm    .   c - +0 shield
rNeg     . . .     Faith    .   b - +0 scale mail
rPois    .         Spirit   .   (helmet restricted)
rElec    .         Reflect  .   (no cloak)
rCorr    .         Harm     .   (no gloves)
MR       .....                  (no boots)
Stlth    ..........             (no amulet)
HPRegen  0.15/turn              (no ring)
MPRegen  0.09/turn              (no ring)

@: no status effects
A: retaliatory headbutt, horns 2
a: no special abilities


You were on level 3 of the Dungeon.
You were not hungry.

You visited 1 branch of the dungeon, and saw 3 of its levels.

You collected 54 gold pieces.

Inventory:

Hand Weapons
 a - a +0 long sword (weapon)
Armour
 b - a +0 scale mail (worn)
 c - a +0 shield (worn)
Jewellery
 m - an uncursed amulet of harm {unknown}
 p - an uncursed ring of see invisible {unknown}
Scrolls
 i - a scroll of enchant weapon {unknown}
 k - a scroll of fear {unknown}
 n - a scroll of blinking {unknown}
Potions
 d - a potion of might
 e - a potion of ambrosia {unknown}
 h - 2 potions of agility {unknown}
 j - a potion of lignification {unknown}
 l - a potion of curing {unknown}
Comestibles
 f - 2 bread rations
 o - a royal jelly


   Skills:
 + Level 4.9 Fighting
 * Level 4.3 Long Blades
 + Level 4.2 Armour
 + Level 1.9 Dodging
 + Level 5.1 Shields


You had 4 spell levels left.
You didn't know any spells.

Dungeon Overview and Level Annotations

Branches:
Dungeon (3/15)

Altars:
Gozag


Innate Abilities, Weirdness & Mutations

You reflexively headbutt those who attack you in melee.
You have a pair of horns on your head.


Message History

You kill Robin!
Your Shields skill increases to level 5!
The orc throws a tomahawk.
The tomahawk hits you but does no damage.
The hobgoblin no longer looks unusually strong.
The orc hits you but does no damage.
Items here: ( )) [[ † You hit the orc.
You headbutt the orc.
You kill the orc!
The hobgoblin hits you.
* * * LOW HITPOINT WARNING * * *
You closely miss the hobgoblin. You block the hobgoblin's attack.
You slash the hobgoblin!
You kill the hobgoblin!
You block the worm's attack.
Items here: (( ))))) †††† You slash the worm!
The worm is heavily wounded.
The worm bites you!
You die...

.....# .........#
####.# #........##
####.# #...W......
..##.# ##........#
#.##.# .###.....o...#
.....# #........(...#
#.######## #.##)##.#
#.# ##...## #...w)..#
#.###.###.######@####
#.##.#.......# #)#
#............# #(#
####)#.......###)#
##...........(#
##.......#####
#.......# #.......#
#########


You could see a worm and mythresam's ghost (wandering).

Vanquished Creatures
  Jessica (D:2)
  Terence (D:2)
  Natasha (thrice) (D:2)
  Robin (D:3)
  2 adders (D:2)
  2 oozes
  A worm (D:2)
  A dart slug (D:1)
  A leopard gecko (D:2)
  4 orcs (D:3)
  3 giant cockroaches
  12 goblins
  8 hobgoblins
  7 bats
  7 frilled lizards
  10 kobolds
  6 rats
70 creatures vanquished.

Notes
Turn   | Place    | Note
-------+----------+-------------------------------------------
     0 | D:1      | qqqbard the Minotaur Fighter began the quest for the Orb.
     0 | D:1      | Reached XP level 1. HP: 19/19 MP: 0/0
    59 | D:1      | Reached XP level 2. HP: 27/27 MP: 1/1
   214 | D:1      | Reached skill level 4 in Shields
   333 | D:1      | Reached XP level 3. HP: 32/33 MP: 2/2
   460 | D:2      | Found an opulent altar of Gozag.
   605 | D:2      | Noticed Jessica
   610 | D:2      | Killed Jessica
   610 | D:2      | Reached XP level 4. HP: 30/41 MP: 3/3
   662 | D:2      | Reached skill level 1 in Dodging
   743 | D:2      | Noticed Natasha
   748 | D:2      | Killed Natasha
   754 | D:2      | Noticed Natasha
   757 | D:2      | Killed Natasha
   757 | D:2      | Reached XP level 5. HP: 46/47 MP: 4/4
   790 | D:2      | Noticed Natasha
   796 | D:2      | Killed Natasha
   801 | D:2      | Noticed Terence
   807 | D:2      | Killed Terence
  1010 | D:3      | Noticed Robin
  1043 | D:3      | Killed Robin
  1043 | D:3      | Reached skill level 5 in Shields
  1049 | D:3      | Slain by a worm

Vault maps used:
D:1:      ncdulo_lavacross, minmay_misc_feat_five, kennysheep_nondescript,
          minmay_tiny_reverse_x
D:2:      lemuel_crystal_altar, uniq_jessica, uniq_natasha, uniq_terence
D:3:      makhleb_blood_cavern_becter, uniq_robin, uniq_crazy_yiuf_cottage,
          uniq_grinder, uniq_ijyb

Skill      XL: |  1  2  3  4  5 |
---------------+----------------+-----
Shields        | 4 5 |  5.1
Long Blades    | 3 4 |  4.3
Fighting       | 4 |  4.9
Armour         | 4 |  4.2
Dodging        | 1 |  1.9

Action                   |  1- 3 |  4- 6 || total
-------------------------+-------+-------++-------
Melee: Long sword        |    88 |    68 ||   156
       Headbutt          |    14 |    14 ||    28
  Eat: Chunk             |       |     1 ||     1
Armor: Scale mail        |    45 |    27 ||    72
Dodge: Dodged            |    38 |    28 ||    66
Block: Shield            |    59 |    44 ||   103
       Rpst.: Long sword |     9 |     6 ||    15
